[Event "Late-Titled-Tuesday-Blitz-June-04-2024"]
[Site "Chess.com"]
[Date "2024.06.04"]
[Round "4"]
[White "JoakimVonAnd"]
[Black "The_Straightforward_Rook"]
[Result "1-0"]
[WhiteElo "2779"]
[BlackElo "2549"]
[TimeControl "180+1"]
[EndTime "14:35:26 PDT"]
[Termination "JoakimVonAnd won by resignation"]

1. Nf3 d5 2. g3 Nf6 3. Bg2 c6 4.
O-O Bf5 5. c4 e6 6. Qb3 Qb6 7.
d3 Nbd7 8. Be3 Qxb3 9. axb3 a6 10. Nd4 Bg6 11. f4 Bc5 12. h3 O-O 13. Nc2 Rfe8 14.
b4 Bd6 15. Nd2 e5 16. f5 Bh5 17. g4 Bxg4 18. hxg4 Nxg4 19. cxd5 Nxe3 20. Nxe3 Bxb4 21. Ne4 cxd5 22. Nxd5 Bc5+ 23. Nxc5 Nxc5 24. Nc7 1-0

[Event "Late-Titled-Tuesday-Blitz-June-04-2024"]
[Site "Chess.com"]
[Date "2024.06.04"]
[Round "4"]
[White "Flawless_Fighter"]
[Black "AustinThomas12345"]
[Result "1-0"]
[WhiteElo "2675"]
[BlackElo "2475"]
[TimeControl "180+1"]
[EndTime "14:35:33 PDT"]
[Termination "Flawless_Fighter won by resignation"]

1. d4 Nf6 2. Nf3 g6 3. g3 Bg7 4.
Bg2 O-O 5. O-O d5 6. Bf4 Ne4 7.
Nbd2 c5 8. c3 Nc6 9. Ne5 Nxd2 10.
Qxd2 cxd4 11. cxd4 Nxe5 12. Bxe5 Bxe5 13. dxe5 e6 14.
Rac1 Bd7 15. h4 Bc6 16. h5 g5 17. f4 h6 18. f5 exf5 19. Rxf5 f6 20. Rcf1 Qb6+ 21. Kh2 fxe5 22. Bxd5+ Kg7 23. Rf7+ Rxf7 24. Rxf7+ Kh8 25. Qd3 1-0

[Event "Late-Titled-Tuesday-Blitz-June-04-2024"]
[Site "Chess.com"]
[Date "2024.06.04"]
[Round "4"]
[White "Aygehovit1992"]
[Black "betta2004"]
[Result "1-0"]
[WhiteElo "2798"]
[BlackElo "2558"]
[TimeControl "180+1"]
[EndTime "14:35:39 PDT"]
[Termination "Aygehovit1992 won by resignation"]

1. e4 e6 2. d4 d5 3. Nc3 Nf6 4. Bg5 dxe4 5. Nxe4 Be7 6. Bxf6 gxf6 7. Nf3 f5 8. Nc3 a6 9. a4 b6 10. Bc4 Nd7 11.
Qe2 Bb7 12. O-O-O Nf6 13. d5 exd5 14. Rhe1 c6 15. Qe5 Kf8 16. Qxf5 Qc8 17. Qe5 Qe6 18.
Qf4 Qg4 19. Qh6+ Qg7 20. Qxg7+ Kxg7 21. Rxe7 dxc4 22. Rxb7 b5 23. Ne5 1-0

[Event "Late-Titled-Tuesday-Blitz-June-04-2024"]
[Site "Chess.com"]
[Date "2024.06.04"]
[Round "4"]
[White "simaopdias"]
[Black "isla88"]
[Result "0-1"]
[WhiteElo "2218"]
[BlackElo "2456"]
[TimeControl "180+1"]
[EndTime "14:35:40 PDT"]
[Termination "isla88 won by resignation"]

1. e4 d6 2. Nc3 Nf6 3. d4 Nbd7 4.
Be3 e5 5. Be2 Be7 6. Qd2 c6 7.
O-O-O b5 8. a3 a5 9. Bf3 b4 10. axb4 axb4 11. Nb1 Qa5 12. Ne2 Nb6 13. b3 O-O 14. g4 Qa1 15. g5 Ra2 16. Qxb4 Qb2+ 17. Kd2 Qxc2+ 18. Ke1 Bg4 19. Nbc3 Bxf3 20. gxf6 Bxf6 21.
Rd2 Ra1+ 0-1

[Event "Late-Titled-Tuesday-Blitz-June-04-2024"]
[Site "Chess.com"]
[Date "2024.06.04"]
[Round "4"]
[White "ChessSwole"]
[Black "Chessdemon2019"]
[Result "1-0"]
[WhiteElo "2705"]
[BlackElo "2414"]
[TimeControl "180+1"]
[EndTime "14:35:50 PDT"]
[Termination "ChessSwole won by resignation"]

1. d4 Nf6 2. Nf3 g6 3. g3 Bg7 4.
Bg2 O-O 5. O-O c5 6. dxc5 Na6 7.
Be3 Ne4 8. c3 Naxc5 9. Nfd2 Nxd2 10. Nxd2 d6 11. Nb3 Nxb3 12. axb3 a6 13. b4 Qc7 14. b5 Be6 15. b6 Qd7 16. Qa4 Rfd8 17. Qe4 Rab8 18. Rfd1 Qb5 19. Rd2 Bf5 20. Qh4 Bf6 21.
Bg5 Bxg5 22. Qxg5 Qe5 23. g4 Bd7 24. Qxe5 dxe5 25. Rad1 1-0

[Event "Late-Titled-Tuesday-Blitz-June-04-2024"]
[Site "Chess.com"]
[Date "2024.06.04"]
[Round "4"]
[White "Bugcrusher"]
[Black "PNEPaul"]
[Result "1-0"]
[WhiteElo "2428"]
[BlackElo "1932"]
[TimeControl "180+1"]
[EndTime "14:35:56 PDT"]
[Termination "Bugcrusher won by resignation"]

1. e4 e5 2. Nf3 Nc6 3. Bb5 f5 4. Nc3 Nf6 5. Qe2 Be7 6. Bxc6 dxc6 7. Nxe5 fxe4 8. Nxe4 O-O 9. O-O Nxe4 10. Qxe4 Bf5 11. Qc4+ Qd5 12. Qxd5+ cxd5 13. d3 Bd6 14. f4 Bxe5 15. fxe5 Bg4 16. Be3 b6 17. h3 Be6 18.
b4 Rac8 19. a4 c5 20. Rxf8+ Kxf8 21. bxc5 bxc5 22. Rb1 Rc7 23. a5 Kf7 24. Rb8 d4 25. Bf2 h6 26. Rd8 Ke7 27. Rd6 g5 28. h4 g4 29. h5 Kf7 30. Bh4 Bf5 31. Rf6+ 1-0

[Event "Late-Titled-Tuesday-Blitz-June-04-2024"]
[Site "Chess.com"]
[Date "2024.06.04"]
[Round "4"]
[White "zenitushka"]
[Black "rdarruda"]
[Result "0-1"]
[WhiteElo "2360"]
[BlackElo "2529"]
[TimeControl "180+1"]
[EndTime "14:36:03 PDT"]
[Termination "rdarruda won by resignation"]

1. e4 c5 2. Nf3 Nc6 3. d4 cxd4 4. Nxd4 e5 5. Nb5 a6 6. Nd6+ Bxd6 7. Qxd6 Qe7 8. Qd1 Nf6 9. Nc3 d6 10. Bg5 Be6 11.
Be2 h6 12. Bh4 O-O 13. O-O g5 14. Bg3 Rac8 15. h4 Kg7 16. Qd2 Nh7 17. hxg5 hxg5 18. Nd5 Bxd5 19. exd5 Nd4 20. Bd3 f5 21. c3 Nb5 22.
Rae1 Qf6 23. Bxb5 axb5 24. Qd3 f4 25. Bh2 Rc5 26. b4 Rc4 27. Re4 Qf5 0-1

[Event "Late-Titled-Tuesday-Blitz-June-04-2024"]
[Site "Chess.com"]
[Date "2024.06.04"]
[Round "4"]
[White "Naruna_Chan"]
[Black "czasnaszachy"]
[Result "0-1"]
[WhiteElo "2275"]
[BlackElo "2476"]
[TimeControl "180+1"]
[EndTime "14:36:04 PDT"]
[Termination "czasnaszachy won by resignation"]

1. e4 e5 2. Nf3 Nc6 3. Bc4 Bc5 4. c3 Nf6 5. d4 exd4 6. cxd4 Bb4+ 7. Nc3 Nxe4 8. O-O Bxc3 9. d5 Ne5 10. Nxe5 Bxe5 11. Re1 Bxh2+ 12. Kxh2 Qh4+ 13. Kg1 Qxf2+ 14. Kh2 Qh4+ 15.
Kg1 O-O 16. Re3 d6 17. Qf3 Ng5 18. Qf1 Bd7 19. Bd2 Rae8 20. Rae1 Rxe3 21. Rxe3 Re8 22. Rxe8+ Bxe8 23. Qe2 Bd7 24. Qe7 Nf3+ 0-1

[Event "Late-Titled-Tuesday-Blitz-June-04-2024"]
[Site "Chess.com"]
[Date "2024.06.04"]
[Round "4"]
[White "GMG"]
[Black "snowlord"]
[Result "0-1"]
[WhiteElo "2714"]
[BlackElo "2935"]
[TimeControl "180+1"]
[EndTime "14:36:07 PDT"]
[Termination "snowlord won by resignation"]

1. d4 Nf6 2. c4 Nc6 3. Nf3 d6 4.
Nc3 e5 5. g3 Bg4 6. d5 Ne7 7. Nd2 Ng6 8. f3 Bd7 9. h4 Nh5 10. Kf2 f5 11. c5 f4 12. gxf4 Be7 13.
fxe5 Bxh4+ 14. Ke3 Nxe5 15. Nde4 Ng3 16. Rxh4 Qxh4 17.
cxd6 Nf5+ 18. Kd2 cxd6 19. Kc2 Rc8 20. b3 b5 21. Kb2 b4 22. Nb1 Ng3 23. Nxd6+ Ke7 24.
Nxc8+ Rxc8 25. Be3 Nxf1 26. Qxf1 Qf6 27. d6+ Ke8 0-1

[Event "Late-Titled-Tuesday-Blitz-June-04-2024"]
[Site "Chess.com"]
[Date "2024.06.04"]
[Round "4"]
[White "Niteshch"]
[Black "Mops_2004"]
[Result "0-1"]
[WhiteElo "2379"]
[BlackElo "2792"]
[TimeControl "180+1"]
[EndTime "14:36:13 PDT"]
[Termination "Mops_2004 won by resignation"]

1. e4 g6 2. d4 Bg7 3. Nc3 d6 4. f4 a6 5. Nf3 b5 6. a3 Nd7 7.
e5 Bb7 8. e6 fxe6 9. Ng5 Nf8 10. Be3 Nh6 11. h3 Nf5 12. Bf2 h6 13. Nf3 h5 14. Rg1 h4 15. Bd3 Qd7 16. Bxf5 gxf5 17.
Nxh4 O-O-O 18. Qd2 Bf6 19. Nf3 Bxf3 20. gxf3 Rxh3 21.
Qd3 Qc6 22. d5 Bxc3+ 23. bxc3 Qxd5 24. Qxd5 exd5 25. Ke2 Ne6 26. Ke3 Kd7 27. Rad1 c6 28. Rg6 Rdh8 29. Rdg1 R8h6 30. Rg8 Nc5 31. R1g6 Rxg6 32.
Rxg6 Rh1 33. Rg5 Ke6 34. Rg6+ Kf7 35. Rg5 e6 36. Rg1 Rxg1 37. Bxg1 Na4 38. Kd2 Kg6 39.
Ba7 Kh5 40. Bb8 Nb6 41. Ba7 Nc4+ 42. Kd3 Nxa3 43. Bf2 Nc4 0-1

[Event "Late-Titled-Tuesday-Blitz-June-04-2024"]
[Site "Chess.com"]
[Date "2024.06.04"]
[Round "4"]
[White "GMTalks_Youtube"]
[Black "harshu27"]
[Result "1-0"]
[WhiteElo "2755"]
[BlackElo "2538"]
[TimeControl "180+1"]
[EndTime "14:36:15 PDT"]
[Termination "GMTalks_Youtube won by resignation"]

1. e4 e5 2. Nf3 Nc6 3. Bc4 Nf6 4. d3 Bc5 5. Nbd2 O-O 6. O-O d5 7. exd5 Nxd5 8. Ne4 Be7 9. a3 Be6 10. Re1 Re8 11.
Neg5 Bg4 12. h3 Bxg5 13. Bxg5 Qxg5 14. hxg4 Qd8 15. Ba2 Qd6 16. Ng5 Rad8 17. Qf3 Re7 18. c3 h6 19. Ne4 Qd7 20. Nc5 Qd6 21. Nxb7 1-0

[Event "Late-Titled-Tuesday-Blitz-June-04-2024"]
[Site "Chess.com"]
[Date "2024.06.04"]
[Round "4"]
[White "ansko1999"]
[Black "Chess_Star1234"]
[Result "1-0"]
[WhiteElo "2641"]
[BlackElo "2423"]
[TimeControl "180+1"]
[EndTime "14:36:18 PDT"]
[Termination "ansko1999 won by resignation"]

1. Nc3 d5 2. e4 dxe4 3. Nxe4 Nf6 4. Nxf6+ exf6 5. d4 Bf5 6. Qf3 Bc8 7. Be3 Bd6 8.
Bd3 Bd7 9. Qxb7 Nc6 10. Qa6 Nb4 11. Qc4 Be6 12. Qc3 Nxa2 13. Qc6+ Bd7 14. Qe4+ 1-0

[Event "Late-Titled-Tuesday-Blitz-June-04-2024"]
[Site "Chess.com"]
[Date "2024.06.04"]
[Round "4"]
[White "rikchessmx"]
[Black "sokidze"]
[Result "0-1"]
[WhiteElo "2353"]
[BlackElo "2783"]
[TimeControl "180+1"]
[EndTime "14:36:19 PDT"]
[Termination "sokidze won by resignation"]

1. e4 c6 2. d4 d5 3. Nc3 dxe4 4. Nxe4 Bf5 5. Ng3 Bg6 6. Nf3 e6 7. h4 h6 8. h5 Bh7 9. Bd3 Bxd3 10. Qxd3 Nf6 11.
Bd2 Be7 12. O-O-O c5 13. Kb1 O-O 14. Bc3 Nbd7 15. dxc5 Nxc5 16. Qxd8 Rfxd8 17. Ne5 Nfe4 18. Nxe4 Nxe4 19. Bd4 Bf6 20. f4 Ng3 21. Rhe1 Nxh5 22. c3 Nxf4 23. g3 Nd5 24. a3 Ne7 25. Kc2 Nf5 26. Bf2 Rxd1 27. Kxd1 Rd8+ 28. Kc2 h5 29. g4 Bxe5 30. gxf5 Bf4 31. Re2 exf5 32. Bxa7 h4 33. Rf2 g5 34. Rf3 Rd2+ 35. Kb3 Kg7 36. Bd4+ Kg6 37. a4 Bg3 38. Rf1 h3 39. Be3 Re2 40. Bg1 h2 41. Bxh2 Bxh2 0-1

[Event "Late-Titled-Tuesday-Blitz-June-04-2024"]
[Site "Chess.com"]
[Date "2024.06.04"]
[Round "4"]
[White "Ramosha"]
[Black "GMthekingindian"]
[Result "1-0"]
[WhiteElo "2637"]
[BlackElo "2364"]
[TimeControl "180+1"]
[EndTime "14:36:21 PDT"]
[Termination "Ramosha won on time"]

1. e4 c5 2. Nf3 d6 3. Bb5+ Bd7 4. Bxd7+ Qxd7 5. c4 Nc6 6. Nc3 g6 7. d4 cxd4 8. Nxd4 Bg7 9. Be3 Nf6 10. f3 O-O 11. O-O Rfc8 12. b3 Qd8 13. Rc1 Qa5 14. Qd3 Nd7 15. Rfd1 Nxd4 16. Bxd4 Bxd4+ 17. Qxd4 Qc5 18. Qxc5 Nxc5 19. Kf2 Kf8 20. Ke3 g5 21. h4 h6 22.
hxg5 hxg5 23. Rh1 Kg7 24. Rh5 f6 25. Rch1 Rh8 26. Rxh8 Rxh8 27. Rxh8 Kxh8 28. Nd5 e6 29. Nxf6 b6 30. Kd4 Nb7 31. e5 dxe5+ 32. Kxe5 Nc5 33. Ne4 Nd3+ 34. Kxe6 Ne1 35. Kd7 Nxg2 36. Nxg5 Kg7 37. Kc6 Kf6 38. Ne4+ Ke5 39. Nd6 Ne1 40. Nc8 Nd3 41.
Nxa7 Nc1 42. Kxb6 Nxa2 43. c5 Nc1 44. c6 Nxb3 45. c7 1-0

[Event "Late-Titled-Tuesday-Blitz-June-04-2024"]
[Site "Chess.com"]
[Date "2024.06.04"]
[Round "4"]
[White "DeTimmerman"]
[Black "WindWhistler11"]
[Result "1-0"]
[WhiteElo "2769"]
[BlackElo "2543"]
[TimeControl "180+1"]
[EndTime "14:36:24 PDT"]
[Termination "DeTimmerman won by resignation"]

1. b4 Nf6 2. Bb2 d6 3. b5 a6 4. a4 g6 5. e3 Bg7 6. c4 O-O 7. Nf3 c6 8. Nc3 e5 9. Be2 Re8 10. d4 e4 11. Nd2 d5 12. Qb3 Be6 13. O-O h5 14. f3 exf3 15. Bxf3 dxc4 16. Nxc4 axb5 17.
axb5 Rxa1 18. Rxa1 Bxc4 19. Qxc4 Rxe3 20. bxc6 Nxc6 21.
Bxc6 bxc6 22. h3 Qd6 23. Ra7 Nd5 24. Nxd5 Qxd5 25. Qxd5 cxd5 26. Rb7 Rd3 27. Rb4 Rd2 28. Kf1 Bf8 29. Rb5 Bh6 30. Bc3 Rd3 31. Rc5 Be3 32. Ke2 Bxd4 33. Rc8+ 1-0

[Event "Late-Titled-Tuesday-Blitz-June-04-2024"]
[Site "Chess.com"]
[Date "2024.06.04"]
[Round "4"]
[White "Artyom_ChessMate"]
[Black "RealPerangel"]
[Result "0-1"]
[WhiteElo "2537"]
[BlackElo "2744"]
[TimeControl "180+1"]
[EndTime "14:36:24 PDT"]
[Termination "RealPerangel won by resignation"]

1. e4 d5 2. exd5 Qxd5 3. Nf3 Bg4 4. Be2 Nc6 5. h3 Bh5 6. d4 O-O-O 7. c4 Qd6 8. d5 Bxf3 9. Bxf3 Ne5 10. O-O e6 11.
Nc3 Nf6 12. Bf4 g5 13. Nb5 Nxf3+ 14. Qxf3 Qxf4 15. Nxa7+ Kb8 16. Nc6+ Kc8 17. Qxf4 gxf4 18. Nxd8 Kxd8 19. dxe6 fxe6 20. Rad1+ Ke7 21. b4 e5 22. Rfe1 Ke6 23. a3 Be7 24. f3 Ra8 25. Rd3 c5 26.
b5 Ra4 27. Rc3 Bd8 28. Rec1 e4 29. fxe4 Bc7 30. Rd3 Be5 31. Rd8 Rxa3 32. Re1 Rc3 33. Ra8 Rxc4 34. Ra7 b6 35. Rb7 Nd7 0-1

[Event "Late-Titled-Tuesday-Blitz-June-04-2024"]
[Site "Chess.com"]
[Date "2024.06.04"]
[Round "4"]
[White "jbking07"]
[Black "SoCalJuniorChess"]
[Result "0-1"]
[WhiteElo "2354"]
[BlackElo "2207"]
[TimeControl "180+1"]
[EndTime "14:36:26 PDT"]
[Termination "SoCalJuniorChess won by resignation"]

1. e4 d5 2. exd5 Qxd5 3. d4 e5 4. Nc3 Bb4 5. Bd2 Qxd4 6. Nf3 Qd8 7. Nxe5 Qe7 8. Qe2 Nf6 9. Nd3 O-O 10. Nxb4 Qxb4 11.
O-O-O Bg4 12. f3 Re8 13. Qc4 Qxc4 14. Bxc4 Be6 15. Bxe6 Rxe6 16. Bf4 Na6 17. Nb5 Re2 18. Rd2 Rxd2 19. Kxd2 Nd5 20. Bg3 Rd8 21. Kc1 f5 22. c4 Ne3 23. Be5 Nxc4 24. Bc3 c6 25. Nd4 g6 26. h4 Nc5 27. h5 Nd3+ 28. Kc2 Nf2 29. Rf1 Ne3+ 30. Kb3 Nxf1 31. hxg6 hxg6 32. Ne6 Rd7 33. Nc5 Rh7 0-1

[Event "Late-Titled-Tuesday-Blitz-June-04-2024"]
[Site "Chess.com"]
[Date "2024.06.04"]
[Round "4"]
[White "StoreySniper"]
[Black "gabduschew"]
[Result "0-1"]
[WhiteElo "2469"]
[BlackElo "2334"]
[TimeControl "180+1"]
[EndTime "14:36:32 PDT"]
[Termination "gabduschew won by resignation"]

1. c4 e5 2. g3 Nf6 3. Bg2 d5 4. cxd5 Nxd5 5. Qb3 Nb6 6. Nf3 Nc6 7. d3 Be7 8. Nc3 O-O 9. Be3 Be6 10. Qc2 f5 11. O-O f4 12. Bd2 Qe8 13. Ne4 Qg6 14. Nc5 Bd5 15. Nxb7 Bxf3 16. Bxf3 Nd4 17. Qxc7 fxg3 18.
Qxe7 Nxe2+ 19. Bxe2 gxf2+ 20. Kh1 Qc6+ 0-1

[Event "Late-Titled-Tuesday-Blitz-June-04-2024"]
[Site "Chess.com"]
[Date "2024.06.04"]
[Round "4"]
[White "konradrutkowski"]
[Black "Pachonpower"]
[Result "1-0"]
[WhiteElo "2542"]
[BlackElo "2368"]
[TimeControl "180+1"]
[EndTime "14:36:40 PDT"]
[Termination "konradrutkowski won by checkmate"]

1. e4 e6 2. d4 d5 3. Nc3 dxe4 4.
Nxe4 Nd7 5. Nf3 Ngf6 6. Nxf6+ Nxf6 7. Bd3 b6 8. Ne5 Bb7 9. Bb5+ c6 10. Nxc6 Qd5 11. c4 Qxg2 12. Ne5+ Kd8 13. Rf1 Qe4+ 14. Be3 Bb4+ 15. Ke2 Ke7 16. Qa4 a5 17. Bc6 Bxc6 18. Nxc6+ Kd6 19. Nxb4 axb4 20. Qxb4+ Kc7 21. Rac1 Rxa2 22.
c5 b5 23. Ra1 Qc2+ 24. Kf3 Rxb2 25. Qa5+ Kd7 26. Qa7+ Ke8 27. Qb8+ Kd7 28. Qd6+ Kc8 29. Qc6+ Kd8 30. Ra8+ Ke7 31. Qd6# 1-0

[Event "Late-Titled-Tuesday-Blitz-June-04-2024"]
[Site "Chess.com"]
[Date "2024.06.04"]
[Round "4"]
[White "Pelusiansky"]
[Black "nabukatnezarr"]
[Result "0-1"]
[WhiteElo "2384"]
[BlackElo "2578"]
[TimeControl "180+1"]
[EndTime "14:36:44 PDT"]
[Termination "nabukatnezarr won by resignation"]

1. d4 Nf6 2. c4 e6 3. Nc3 Bb4 4. e3 O-O 5. Bd3 Bxc3+ 6. bxc3 d5 7. Ne2 c5 8. O-O Nc6 9. Re1 b6 10. a4 dxc4 11. Bxc4 Na5 12. Bd3 Bb7 13. f3 Qc7 14. e4 e5 15. Bg5 Ne8 16. Be3 Rd8 17. Rc1 Nd6 18. Ng3 Ndc4 19. d5 Nxe3 20. Rxe3 c4 21. Bc2 Qc5 22. Qe2 Nb3 23. Rb1 Ba6 24. Nf5 g6 25.
Bxb3 cxb3 26. Qxa6 gxf5 27. Qe2 f4 28. Kf2 Rc8 29.
Rxb3 Rc7 30. Rb5 Qxe3+ 31. Qxe3 fxe3+ 32. Kxe3 Rxc3+ 33. Kd2 Rfc8 34. d6 Rc2+ 35. Kd1 R2c5 36. Rb2 Rd8 37. Rd2 Rc6 38. f4 Rcxd6 0-1

[Event "Late-Titled-Tuesday-Blitz-June-04-2024"]
[Site "Chess.com"]
[Date "2024.06.04"]
[Round "4"]
[White "MaxLeto"]
[Black "MrEscacs"]
[Result "1-0"]
[WhiteElo "2442"]
[BlackElo "2143"]
[TimeControl "180+1"]
[EndTime "14:36:44 PDT"]
[Termination "MaxLeto won by resignation"]

1. g4 d5 2. Bg2 c6 3. h3 e5 4. d4 e4 5. c4 h6 6. Nc3 Nf6 7. Qb3 Qb6 8. c5 Qxb3 9. axb3 a6 10. b4 Bd7 11. Bf4 Be7 12. e3 O-O 13. Nge2 Be8 14. Nc1 Nbd7 15. Nb3 b6 16. Kd2 bxc5 17. bxc5 Bd8 18.
Bd6 Nh7 19. Ra3 Ndf6 20. Rha1 Ng5 21. Rxa6 Rxa6 22. Rxa6 Bd7 23. Bxf8 Kxf8 24. Na5 Bxa5 25. Rxa5 h5 26. h4 Nf3+ 27. Bxf3 exf3 28. gxh5 Nxh5 29.
Ra7 Ke7 30. b4 f6 31. b5 Kd8 32. b6 g5 33. hxg5 fxg5 34. Ra8+ 1-0

[Event "Late-Titled-Tuesday-Blitz-June-04-2024"]
[Site "Chess.com"]
[Date "2024.06.04"]
[Round "4"]
[White "Timurist"]
[Black "HajiyevKanan"]
[Result "0-1"]
[WhiteElo "2348"]
[BlackElo "2519"]
[TimeControl "180+1"]
[EndTime "14:36:45 PDT"]
[Termination "HajiyevKanan won by resignation"]

1. e4 c6 2. d4 d5 3. exd5 cxd5 4. Bd3 Nc6 5. c3 Qc7 6. Ne2 Nf6 7. O-O Bg4 8. Qe1 Bxe2 9. Qxe2 e6 10. f4 Bd6 11. h3 O-O-O 12. Qf3 h5 13. Bd2 g6 14. Be1 Qb6 15. Qe2 Ne4 16. Bh4 Be7 17. Bxe7 Nxe7 18. Bxe4 dxe4 19. Nd2 f5 20. Nc4 Qa6 21. Rfe1 Nd5 22. g3 h4 23. Ne5 hxg3 24. Qxa6 bxa6 25. Nf7 Nxf4 26. Nxd8 Kxd8 27. Re3 Rxh3 28. c4 g5 29. Rc1 g4 30. Rcc3 Rh2 31. Rxg3 Rxb2 32. Rb3 Ne2+ 0-1

[Event "Late-Titled-Tuesday-Blitz-June-04-2024"]
[Site "Chess.com"]
[Date "2024.06.04"]
[Round "4"]
[White "SchmakAttack"]
[Black "duone"]
[Result "0-1"]
[WhiteElo "2786"]
[BlackElo "2408"]
[TimeControl "180+1"]
[EndTime "14:36:50 PDT"]
[Termination "duone won by resignation"]

1. e4 e5 2. Nf3 Nc6 3. Bc4 Bc5 4.
c3 Nf6 5. d3 O-O 6. O-O d6 7.
Re1 Be6 8. Bxe6 fxe6 9. Be3 Bxe3 10. Rxe3 Qe8 11. Nbd2 Qg6 12. Qb3 Nh5 13. Qxb7 Nf4 14. g3 Ne7 15. Qxc7 Rf7 16. Qxd6 Raf8 17. Rf1 Qg4 18. Kh1 Nh3 19. Nxe5 Nxf2+ 20. Kg2 Qh3+ 21. Kg1 Ng4 22. Rxf7 Qxh2+ 23. Kf1 Rxf7+ 24. Ke1 Qf2+ 0-1

[Event "Late-Titled-Tuesday-Blitz-June-04-2024"]
[Site "Chess.com"]
[Date "2024.06.04"]
[Round "4"]
[White "Heinza9"]
[Black "jaskol95"]
[Result "0-1"]
[WhiteElo "2354"]
[BlackElo "2575"]
[TimeControl "180+1"]
[EndTime "14:36:52 PDT"]
[Termination "jaskol95 won by resignation"]

1. c4 e6 2. Nc3 d5 3. d4 Nf6 4.
cxd5 exd5 5. Bg5 Be7 6. Qc2 c6 7. e3 Be6 8. Bd3 h6 9. Bh4 Nbd7 10. Nf3 O-O 11. h3 c5 12. O-O c4 13. Bf5 Bxf5 14.
Qxf5 Re8 15. Ne5 Nxe5 16. dxe5 Nh7 17. Bxe7 Qxe7 18. f4 Qc5 19. Rfe1 b5 20. Rad1 Rad8 21. Rd4 Nf8 22. Red1 b4 23. Nxd5 Ne6 24. Qg4 Kf8 25. f5 Nxd4 26. Rxd4 Rxd5 0-1

[Event "Late-Titled-Tuesday-Blitz-June-04-2024"]
[Site "Chess.com"]
[Date "2024.06.04"]
[Round "4"]
[White "jefferyx"]
[Black "frederiksvane"]
[Result "0-1"]
[WhiteElo "3078"]
[BlackElo "2902"]
[TimeControl "180+1"]
[EndTime "14:36:58 PDT"]
[Termination "frederiksvane won by resignation"]

1. Nf3 d5 2. g3 Bg4 3. Bg2 e6 4.
O-O Nd7 5. h3 Bxf3 6. Bxf3 c6 7.
d3 Bc5 8. Bg2 Ne7 9. Nd2 O-O 10.
e4 Qc7 11. Kh1 f5 12. f4 dxe4 13. dxe4 e5 14. exf5 Nxf5 15. Ne4 Rae8 16. c3 Be3 17. g4 Bxc1 18. Qxc1 Nd6 19. Nxd6 Qxd6 20. f5 Qc5 21. b4 Qc4 22. Qe3 Nf6 23. Qxa7 Nd5 24. Qxb7 Rf7 0-1

[Event "Late-Titled-Tuesday-Blitz-June-04-2024"]
[Site "Chess.com"]
[Date "2024.06.04"]
[Round "4"]
[White "ulises2013"]
[Black "ChessLebaneseSalah"]
[Result "1-0"]
[WhiteElo "2917"]
[BlackElo "2575"]
[TimeControl "180+1"]
[EndTime "14:37:01 PDT"]
[Termination "ulises2013 won by resignation"]

1. e4 e5 2. g3 Nc6 3. Bg2 Nf6 4. Ne2 Bc5 5. O-O O-O 6. c3 d5 7. d4 Bb6 8. exd5 Nxd5 9. dxe5 Be6 10. Nd4 Nxd4 11.
cxd4 c6 12. Nc3 Qe7 13. Nxd5 Bxd5 14. Bxd5 cxd5 15. Be3 Rac8 16. Qd2 Rc6 17. Rac1 Rfc8 18. Rxc6 Rxc6 19. Rc1 Qc7 20. Rxc6 Qxc6 21. Qc3 Qd7 22.
Kg2 h6 23. Qc2 g6 24. h3 Kh7 25. b3 Qe6 26. Qd2 h5 27. Qe2 f6 28. exf6 Qxf6 29. Qf3 Qe6 30. Qf4 Kg8 31. Qb8+ Kh7 32. Qxb7+ Kg8 33.
Qb8+ Kh7 34. Qf4 Kg8 35. Qe5 Qxe5 36. dxe5 Bxe3 37. fxe3 Kf7 38. Kf3 Ke6 39. Ke2 Kxe5 40. Kd3 g5 41. g4 hxg4 42. hxg4 a5 43. a3 Ke6 44. Kd4 Kd6 45. e4 dxe4 46. Kxe4 Ke6 47. b4 axb4 48. axb4 Kd6 49. Kf5 1-0

[Event "Late-Titled-Tuesday-Blitz-June-04-2024"]
[Site "Chess.com"]
[Date "2024.06.04"]
[Round "4"]
[White "AlejandroArias"]
[Black "rhungaski"]
[Result "0-1"]
[WhiteElo "2385"]
[BlackElo "2639"]
[TimeControl "180+1"]
[EndTime "14:37:01 PDT"]
[Termination "rhungaski won by resignation"]

1. e4 e6 2. d4 d5 3. Bd3 h6 4. exd5 exd5 5. Nf3 Nf6 6. h3 c5 7. O-O c4 8. Re1+ Be7 9. Bf1 O-O 10. b3 cxb3 11.
axb3 Nc6 12. c3 Bf5 13. Bf4 Re8 14. Nbd2 a6 15. b4 Ne4 16. Nxe4 Bxe4 17. Nd2 Bg6 18. Nb3 Qd7 19. Nc5 Bxc5 20. bxc5 Rxe1 21.
Qxe1 Re8 22. Qd2 Re6 23. Re1 Qe8 24. Rxe6 Qxe6 25. Be2 Na5 26. Bg4 Bf5 27. Bf3 Be4 28. Bg4 Qg6 29. Bg3 h5 30. f3 hxg4 31. fxe4 gxh3 32.
Qf4 Qxe4 33. Qxe4 dxe4 34. gxh3 Nc4 35. d5 Kf8 36. Kf2 a5 37. Ke2 a4 38. Kd1 a3 39.
c6 bxc6 40. dxc6 Ke8 0-1

[Event "Late-Titled-Tuesday-Blitz-June-04-2024"]
[Site "Chess.com"]
[Date "2024.06.04"]
[Round "4"]
[White "azzbrn"]
[Black "AndresDelgado77"]
[Result "1-0"]
[WhiteElo "2518"]
[BlackElo "2347"]
[TimeControl "180+1"]
[EndTime "14:37:05 PDT"]
[Termination "azzbrn won by checkmate"]

1. e4 e6 2. d4 d5 3. e5 c5 4. c3 Qb6 5. Nf3 Nc6 6. a3 a5 7. Bd3 Bd7 8. O-O a4 9. Bc2 Nh6 10. c4 dxc4 11. d5 exd5 12. Qxd5 Be6 13. Qd1 Qa6 14. Nc3 b5 15. Nd5 O-O-O 16. Be4 Nd4 17. Nxd4 cxd4 18. Qxd4 Nf5 19. Bxf5 Bxf5 20. Rd1 Rd7 21.
Bf4 Be7 22. Nb6+ Kd8 23. Nxd7 Bxd7 24. Qxd7# 1-0

[Event "Late-Titled-Tuesday-Blitz-June-04-2024"]
[Site "Chess.com"]
[Date "2024.06.04"]
[Round "4"]
[White "RantomOpening"]
[Black "Onischuk_V"]
[Result "0-1"]
[WhiteElo "2558"]
[BlackElo "2851"]
[TimeControl "180+1"]
[EndTime "14:37:08 PDT"]
[Termination "Onischuk_V won by resignation"]

1. c4 g6 2. Nf3 Bg7 3. e4 d6 4. d4 Bg4 5. Be3 Bxf3 6. Qxf3 c5 7.
e5 Nc6 8. dxc5 Bxe5 9. Nc3 Bxc3+ 10. bxc3 Qa5 11. Bd2 Qxc5 12. Rb1 Rb8 13. Be2 Nf6 14. O-O O-O 15. Rb5 Ne5 16. Qg3 Qc6 17. Qh4 Qe4 18. Qxe4 Nxe4 19. Rd1 Nxd2 20. Rxd2 b6 21.
a4 Rfc8 22. a5 Nxc4 23. Bxc4 Rxc4 24. axb6 Rxb6 25. Rxb6 axb6 26. Rd3 b5 27. g3 Kg7 28. Kg2 Ra4 29. Rd5 Ra3 30. Rxb5 Rxc3 31. Rb7 e6 32. Rd7 d5 33. Rb7 h5 34. Rd7 g5 35.
Rb7 g4 36. Rd7 Kg6 37. Rc7 Rxc7 0-1

[Event "Late-Titled-Tuesday-Blitz-June-04-2024"]
[Site "Chess.com"]
[Date "2024.06.04"]
[Round "4"]
[White "luca_va99"]
[Black "PapaieDudu"]
[Result "0-1"]
[WhiteElo "2170"]
[BlackElo "2337"]
[TimeControl "180+1"]
[EndTime "14:37:08 PDT"]
[Termination "PapaieDudu won on time"]

1. e4 Nf6 2. e5 Nd5 3. c4 Nb6 4. d4 d5 5. exd6 cxd6 6. Nc3 Nc6 7. Be3 e5 8. dxe5 dxe5 9. Qxd8+ Kxd8 10. Rd1+ Kc7 11.
c5 Nd7 12. Nb5+ Kd8 13. f4 exf4 14. Bxf4 Bxc5 15. Nc7 Rb8 16. Bc4 b5 17. Bxb5 Nd4 18. Ne6+ fxe6 19. Bxb8 Nxb8 20. Ne2 e5 21. O-O Bg4 22.
Nxd4 Bxd4+ 23. Rxd4+ exd4 24. Rf4 Bd7 25. Rxd4 Ke7 26. Re4+ Be6 27. Bc4 Rc8 28. Rxe6+ Kd7 29. Bb3 Rc1+ 30. Kf2 Nc6 31. Re2 Kc7 32. Rd2 Rb1 33. Rc2 Kb6 34. Bd5 Nb4 35. Rd2 Kc5 0-1